Workbook
Name \a: #REF!
Name \s: #REF!
Name \X: [1]!ERR
Name \Z: [1]!ERR
Name _____________________________________________________________________APU221: #REF!
Name _____________________________________________________________________APU465: [2]!absc
Name _____________________________________________________________________APU465: [2]!absc
Name _____________________________________________________________________APU465: [2]!absc
Name _____________________________________________________________________APU465: [2]!absc
Name _____________________________________________________________________APU465: [2]!absc
Name _____________________________________________________________________PJ50: #REF!
Name _____________________________________________________________________pj51: #REF!
Name ___________________________________________________________________APU221: #REF!
Name ___________________________________________________________________APU465: [2]!absc
Name ___________________________________________________________________APU465: [2]!absc
Name ___________________________________________________________________APU465: [2]!absc
Name ___________________________________________________________________APU465: [2]!absc
Name ___________________________________________________________________APU465: [2]!absc
Name ___________________________________________________________________PJ50: #REF!
Name ___________________________________________________________________pj51: #REF!
Name _________________________________________________________________APU221: #REF!
Name _________________________________________________________________APU465: [2]!absc
Name _________________________________________________________________APU465: [2]!absc
Name _________________________________________________________________APU465: [2]!absc
Name _________________________________________________________________APU465: [2]!absc
Name _________________________________________________________________APU465: [2]!absc
Name _________________________________________________________________PJ50: #REF!
Name _________________________________________________________________pj51: #REF!
Name ________________________________________________________________APU221: #REF!
Name ________________________________________________________________APU465: [2]!absc
Name ________________________________________________________________APU465: [2]!absc
Name ________________________________________________________________APU465: [2]!absc
Name ________________________________________________________________APU465: [2]!absc
Name ________________________________________________________________APU465: [2]!absc
Name ________________________________________________________________PJ50: #REF!
Name ________________________________________________________________pj51: #REF!
Name _______________________________________________________________APU221: #REF!
Name _______________________________________________________________APU465: [2]!absc
Name _______________________________________________________________APU465: [2]!absc
Name _______________________________________________________________APU465: [2]!absc
Name _______________________________________________________________APU465: [2]!absc
Name _______________________________________________________________APU465: [2]!absc
Name _______________________________________________________________PJ50: #REF!
Name _______________________________________________________________pj51: #REF!
Name ______________________________________________________________APU221: #REF!
Name ______________________________________________________________APU465: [2]!absc
Name ______________________________________________________________APU465: [2]!absc
Name ______________________________________________________________APU465: [2]!absc
Name ______________________________________________________________APU465: [2]!absc
Name ______________________________________________________________APU465: [2]!absc
Name ______________________________________________________________PJ50: #REF!
Name ______________________________________________________________pj51: #REF!
Name _____________________________________________________________APU221: #REF!
Name _____________________________________________________________APU465: [2]!absc
Name _____________________________________________________________APU465: [2]!absc
Name _____________________________________________________________APU465: [2]!absc
Name _____________________________________________________________APU465: [2]!absc
Name _____________________________________________________________APU465: [2]!absc
Name _____________________________________________________________PJ50: #REF!
Name _____________________________________________________________pj51: #REF!

Sheet PRESUPUESTO OFICIAL
C3: INSTITUTO NACIONAL DE VIAS
C4: DIRECCION DE EJECUCION Y OPERACIÓN
C5: SUBDIRECCIÓN DE GESTIÓN INTEGRAL DE CARRETERAS NACIONALES.
C6: DIRECCIÓN TERRITORIAL SUCRE
C7: IP-DT-SUC-007-2023
C8: OBJETO: OBRAS DE SEÑALIZACIÓN PARA LA SEGURIDAD VIAL EN VÍAS A CARGO DEL INSTITUTO NACIONAL DE VÍAS EN JURISDICCIÓN DE LA DIRECCIÓN TERRITORIAL SUCRE.
C10: FORMULARIO No. 1 - PRESUPUESTO OFICIAL.
C13: Nº | D13: ITEM DE PAGO | E13: ESPECIFICACIONES | G13: DESCRIPCION | H13: UND. | I13: CANTIDAD | J13: VALOR UNITARIO | K13: VALOR TOTAL
E14: GENERAL | F14: PARTICULAR
C15: DISPOSITIVOS DE CONTROL Y SEÑALIZACIÓN | K15: =SUM(K16:K18) -> 99274044
C16: 1 | D16: 700.5P | F16: 700.5P | G16: BANDAS SONORAS REDUCTORAS DE VELOCIDAD EN AGREGADO (25x2cm) | H16: M | I16: 300 | J16: ='700.5P'!L81 -> 129618 | K16: =I16*J16 -> 38885400
C17: 2 | D17: 710.1 | E17: 710-22 | G17: SEÑAL VERTICAL DE TRÁNSITO TIPO (SP, SI, SR), DIMENSIONES 75 CM X 75 CM CON LÁMINA RETRORREFLECTIVA TIPO | H17: UNIDAD | I17: 75 | J17: ='710.1'!L81 -> 623078 | K17: =I17*J17 -> 46730850
C18: 3 | D18: 700.3 | E18: 700-22 | G18: MARCA VIAL CON PINTURA EN FRIO | H18: M2 | I18: 300.7 | J18: ='700.3'!L81 -> 45420 | K18: =I18*J18 -> 13657794
C19: SUBTOTAL OBRAS | K19: =K15 -> 99274044
K20: ¿
G21: VALOR BASICO DEL CONTRATO INCLUYE OBRAS COMPLEMENTARIAS | K21: =K19 -> 99274044
G22: VALOR IVA (OBRA) (19% SOBRE UTILIDAD OBRA ) | K22: =ROUND((K21/(1+K31))*K30*0.19,0) -> 725464
G23: SUBTOTAL OBRAS (INCLUYE IVA) | K23: =K21+K22 -> 99999508
G24: VALOR TOTAL | K24: =K23 -> 99999508
C26: VALOR TOTAL EN LETRAS: | F26: NOVENTA Y NUEVE MILLONES NOVECIENTOS NOVENTA Y NUEVE MIL QUINIENTOS OCHO PESOS M. CTE.
C27: NOTA 1: Teniendo en cuenta el Manual de Señalización Vial - Dispositivos para la Regulación del Tránsito en Calles, Carreteras y Ciclorrutas de Colombia, adoptado mediante Resolución No. 001885 del 17 de Junio de 2015 del Ministerio de Transporte, se aclara que el aparte de SEÑALIZACIÓN se debe ajustar a todo su contenido, esta señalización debe colocarse desde la órden de iniciación del contrato. | H27: DESCRIPCION | K27: PORCENTAJE
C28: NOTA 2: El control de tráfico temporal y la señalización provisional necesarios para la ejecución de las obras será por cuenta y riesgo del contratista. | H28: ADMINISTRACION | J28: A= | K28: 0.2
C29: NOTA 3: Se debe tener en cuenta que el PRECIO UNITARIO incluye el valor de A.I.U. | H29: IMPREVISTO | J29: I= | K29: 0.05
C30: NOTA 4: Si el valor del A.I.U. presentado por el proponente es mayor al Treinta por ciento (30%) al establecido en el formulario No 1 "presupuesto oficial", la propuesta será RECHAZADA. | H30: UTILIDAD | J30: U= | K30: 0.05
C31: NOTA 5: Cuando la fracción decimal del peso sea igual o superior a 5 se aproximara por exceso al número entero siguiente del peso y cuando la fracción decimal del peso sea inferior a 5 se aproximará por defecto al número entero del peso. | H31: TOTAL A.I.U | J31: A.I.U.= | K31: =SUM(K28:K30) -> 0.3
C32: NOTA 6: El A.I.U y su discriminación deben estar en porcentaje (%) de lo contrario su oferta será RECHAZADA.

Sheet PROPUESTA ECONÓMICA
C3: INSTITUTO NACIONAL DE VIAS
C4: DIRECCION DE EJECUCION Y OPERACIÓN
C5: SUBDIRECCIÓN DE GESTIÓN INTEGRAL DE CARRETERAS NACIONALES.
C6: DIRECCIÓN TERRITORIAL SUCRE
C7: IP-DT-SUC-007-2023
C8: OBJETO: OBRAS DE SEÑALIZACIÓN PARA LA SEGURIDAD VIAL EN VÍAS A CARGO DEL INSTITUTO NACIONAL DE VÍAS EN JURISDICCIÓN DE LA DIRECCIÓN TERRITORIAL SUCRE.
C10: FORMULARIO No. 1 - PROPUESTA ECONÓMICA
C13: Nº | D13: ITEM DE PAGO | E13: ESPECIFICACIONES | G13: DESCRIPCION | H13: UND. | I13: CANTIDAD | J13: VALOR UNITARIO | K13: VALOR TOTAL
E14: GENERAL | F14: PARTICULAR
C15: DISPOSITIVOS DE CONTROL Y SEÑALIZACIÓN
C16: 1
C17: 2
C18: 3
C19: SUBTOTAL OBRAS
G21: VALOR BASICO DEL CONTRATO INCLUYE OBRAS COMPLEMENTARIAS
G22: VALOR IVA (OBRA) (19% SOBRE UTILIDAD OBRA )
G23: SUBTOTAL OBRAS (INCLUYE IVA)
G24: VALOR TOTAL | K24: =K23 -> 0
C26: VALOR TOTAL EN LETRAS:
C27: NOTA 1: Teniendo en cuenta el Manual de Señalización Vial - Dispositivos para la Regulación del Tránsito en Calles, Carreteras y Ciclorrutas de Colombia, adoptado mediante Resolución No. 001885 del 17 de Junio de 2015 del Ministerio de Transporte, se aclara que el aparte de SEÑALIZACIÓN se debe ajustar a todo su contenido, esta señalización debe colocarse desde la órden de iniciación del contrato. | H27: DESCRIPCION | K27: PORCENTAJE
C28: NOTA 2: El control de tráfico temporal y la señalización provisional necesarios para la ejecución de las obras será por cuenta y riesgo del contratista. | H28: ADMINISTRACION | J28: A= | K28: 0.2
C29: NOTA 3: Se debe tener en cuenta que el PRECIO UNITARIO incluye el valor de A.I.U. | H29: IMPREVISTO | J29: I= | K29: 0.05
C30: NOTA 4: Si el valor del A.I.U. presentado por el proponente es mayor al Treinta por ciento (30%) al establecido en el formulario No 1 "presupuesto oficial", la propuesta será RECHAZADA. | H30: UTILIDAD | J30: U= | K30: 0.05
C31: NOTA 5: Cuando la fracción decimal del peso sea igual o superior a 5 se aproximara por exceso al número entero siguiente del peso y cuando la fracción decimal del peso sea inferior a 5 se aproximará por defecto al número entero del peso. | H31: TOTAL A.I.U | J31: A.I.U.= | K31: =SUM(K28:K30) -> 0.3
C32: NOTA 6: El A.I.U y su discriminación deben estar en porcentaje (%) de lo contrario su oferta será RECHAZADA.

Sheet 700.5P
I1: CÓDIGO | J1: MEPI-MN1-IN-10-FR-1
B2: INSTITUTO NACIONAL DE VIAS
B3: PROCESO MISIONAL EJECUCIÓN DE PROYECTOS DE INFRAESTRUCTURA DE TRANSPORTE | I3: VERSIÓN | J3: 1
B4: MANUAL DE INTERVENTORÍA OBRA PÚBLICA
B5: ANÁLISIS DE PRECIOS UNITARIOS | I5: PÁGINA
I8: FECHA
J9: (Día / Mes / Año)
A10: ÍTEMS DE LA PROPUESTA ECONÓMICA | H10: ÍTEMS NO PREVISTOS
A11: UNIDAD EJECUTORA: | H11: DIRECCIÓN TERRITORIAL:
A14: CONTRATO No.
B15: (Indicar número y año)
A17: OBJETO DEL CONTRATO:
A21: PROYECTO:
A23: CONTRATISTA:
A25: INTERVENTOR: | I25: Contrato No.:
J26: (Indicar número y año)
A27: FECHA CIERRE PROCESO DE SELECCIÓN CONTRATO DE OBRA:
F28: (Día) | G28: (Mes) | H28: (Año)
A30: DATOS ESPECÍFICOS
A32: ÍTEM | B32: DESCRIPCIÓN | I32: GRUPO DE AJUSTE | J32: UNIDAD | L32: CANTIDAD
A33: ='PRESUPUESTO OFICIAL'!D16 -> 700.5P | B33: ='PRESUPUESTO OFICIAL'!G16 -> BANDAS SONORAS REDUCTORAS DE VELOCIDAD EN AGREGADO (25x2cm) | J33: ='PRESUPUESTO OFICIAL'!H16 -> M | L33: ='PRESUPUESTO OFICIAL'!I16 -> 300
A35: I. EQUIPO
A37: DESCRIPCIÓN | G37: TIPO | I37: TARIFA/HORA | J37: RENDIMIENTO | L37: Vr. UNITARIO
A38: Equipo de pintura (Compresor), presion maxima de trabajo 3300psi | I38: 30000 | J38: 3.2 | L38: =I38/J38 -> 9375
A39: Camioneta D-300 | I39: 55000 | J39: 3.2 | L39: =I39/J39 -> 17187.5
A42: SUBTOTAL | L42: =SUM(L38:L41) -> 26562.5
A44: II. MATERIALES
A46: DESCRIPCIÓN | H46: UNIDAD | I46: CANTIDAD | J46: PRECIO UNIT. | L46: Vr. UNITARIO
A47: Esferas reflectivas | H47: kg | I47: 0.67 | J47: 7000 | L47: =I47*J47 -> 4690
A48: Pegante Epóxico para banda sonora | H48: gl | I48: 0.3 | J48: 105000 | L48: =I48*J48 -> 31500
A49: Graba o piedra mona o china 1/2" | H49: m3 | I49: 0.028 | J49: 100000 | L49: =I49*J49 -> 2800
A50: Graba o piedra mona o china 1/4" | H50: m3 | I50: 0.028 | J50: 100000 | L50: =I50*J50 -> 2800
A51: Disolvente para pintura (Tinner) | H51: gl | I51: 0.094 | J51: 35000 | L51: =I51*J51 -> 3290
A52: Pintura acrilica pura para trafico | H52: gl | I52: 0.071 | J52: 150000 | L52: =I52*J52 -> 10650
A54: SUBTOTAL | L54: =SUM(L47:L53) -> 55730
A56: III. TRANSPORTES
A58: MATERIAL | F58: UNIDAD | G58: CANTIDAD (1) | H58: DISTANCIA (2) | I58: CANTIDAD * DISTANCIA (1) * (2) | J58: TARIFA | L58: Vr. UNITARIO
A59: Transporte de materiales | F59: m3-km | G59: 0.01 | H59: 50 | I59: =G59*H59 -> 0.5 | J59: 1296 | L59: =I59*J59 -> 648
A61: SUBTOTAL | L61: =SUM(L59:L60) -> 648
A63: IV. MANO DE OBRA
A65: DESCRIPCIÓN | G65: JORNAL | H65: PRESTACIONES | I65: JORNAL TOTAL | J65: RENDIMIENTO | L65: Vr. UNITARIO
A66: Obrero(4) | G66: =4*1160000/30 -> 154666.67 | H66: 1.85 | I66: =G66*H66 -> 286133.33 | J66: =$J$38*8 -> 25.6 | L66: =I66/J66 -> 11177.083
A67: Oficial | G67: =1160000/30*2 -> 77333.333 | H67: 1.85 | I67: =G67*H67 -> 143066.67 | J67: =$J$38*8 -> 25.6 | L67: =I67/J67 -> 5588.5417
A69: SUBTOTAL | L69: =SUM(L66:L68) -> 16765.625
A71: TOTAL COSTO DIRECTO | L71: =L42+L54+L61+L69 -> 99706.125
A73: V. COSTOS INDIRECTOS
A75: DESCRIPCIÓN | I75: Porcentaje | J75: Valor Total
A76: ADMINISTRACIÓN | I76: 0.2 | J76: =$L$71*I76 -> 19941.225
A77: IMPREVISTOS | I77: 0.05 | J77: =$L$71*I77 -> 4985.3063
A78: UTILIDAD | I78: 0.05 | J78: =$L$71*I78 -> 4985.3063
A79: SUBTOTAL | L79: =SUM(J76:K78) -> 29911.838
A81: Precio Unitario Total Aproximado al peso | L81: =ROUND(L71+L79,0) -> 129618
D86: Firma
D87: Nombre:
D88: Representante Legal del Contratista o su Apoderado
D89: Matrícula Profesional No.:
A91: OBSERVACIONES INTERVENTORÍA:
A97: APROBACIÓN POR INTERVENTORÍA
A98: Nota 1: Cuando se trate de análisis de precios unitarios correspondientes a ítems de la propuesta económica, el Interventor aprueba el desglose de los componentes manteniendo el mismo precio unitario de cada ítem, cumpliendo con las especificaciones de construcción vigentes para el proyecto.
A100: Nota 2: Cuando se trate de análisis de precios unitarios de ítems no previstos, el Interventor aprueba el desglose y precio unitario de cada ítem no previsto, exigiendo la aplicación correspondiente a rendimientos, tarifas, precio de materiales, jornales, costos, etc contemplados en los análisis de precios unitarios aprobados por la interventoría que soportan la propuesta económica y los aprobados durante la ejecución del contrato, cumpliendo con las especificaciones de construcción vigentes para el proyecto. El Contratista y el Interventor certifican que los precios unitarios del ítem o de los ítems no previstos corresponden a los precios del mercado.
D106: Firma
D107: Nombre:
D108: Representante Legal del Interventor o su Apoderado
D109: Matrícula Profesional No.:
A111: Original: Archivo de Gestión del INVIAS.
A112: Copias: Unidad Ejecutora, Contratista, Interventor y Dirección Territorial.

Sheet 710.1
I1: CÓDIGO | J1: MEPI-MN1-IN-10-FR-1
B2: INSTITUTO NACIONAL DE VIAS
B3: PROCESO MISIONAL EJECUCIÓN DE PROYECTOS DE INFRAESTRUCTURA DE TRANSPORTE | I3: VERSIÓN | J3: 1
B4: MANUAL DE INTERVENTORÍA OBRA PÚBLICA
B5: ANÁLISIS DE PRECIOS UNITARIOS | I5: PÁGINA
I8: FECHA
J9: (Día / Mes / Año)
A10: ÍTEMS DE LA PROPUESTA ECONÓMICA | H10: ÍTEMS NO PREVISTOS
A11: UNIDAD EJECUTORA: | H11: DIRECCIÓN TERRITORIAL:
A14: CONTRATO No.
B15: (Indicar número y año)
A17: OBJETO DEL CONTRATO:
A21: PROYECTO:
A23: CONTRATISTA:
A25: INTERVENTOR: | I25: Contrato No.:
J26: (Indicar número y año)
A27: FECHA CIERRE PROCESO DE SELECCIÓN CONTRATO DE OBRA:
F28: (Día) | G28: (Mes) | H28: (Año)
A30: DATOS ESPECÍFICOS
A32: ÍTEM | B32: DESCRIPCIÓN | I32: GRUPO DE AJUSTE | J32: UNIDAD | L32: CANTIDAD
A33: ='PRESUPUESTO OFICIAL'!D17 -> 710.1 | B33: ='PRESUPUESTO OFICIAL'!G17 -> SEÑAL VERTICAL DE TRÁNSITO TIPO (SP, SI, SR), DIMENSIONES 75 CM X 75 CM CON LÁMINA RETRORREFLECTIVA TIPO | J33: ='PRESUPUESTO OFICIAL'!H17 -> UNIDAD | L33: ='PRESUPUESTO OFICIAL'!I17 -> 75
A35: I. EQUIPO
A37: DESCRIPCIÓN | G37: TIPO | I37: TARIFA/HORA | J37: RENDIMIENTO | L37: Vr. UNITARIO
A38: Camioneta estacas 4x4 | I38: 60000 | J38: 4 | L38: =I38/J38 -> 15000
A42: SUBTOTAL | L42: =SUM(L38:L41) -> 15000
A44: II. MATERIALES
A46: DESCRIPCIÓN | H46: UNIDAD | I46: CANTIDAD | J46: PRECIO UNIT. | L46: Vr. UNITARIO
A47: Poste para señal de tránsito en ángulo de hierro de 2" x 2" x 1/4" de 3.5m. | H47: und | I47: 1 | J47: 125000 | L47: =I47*J47 -> 125000
A48: Señal SR, SP y/o SI, tablero en lámina galvanizada de 90x90 cm, calibre 16, retrorreflectiva tipo IX. | H48: und | I48: 1 | J48: 310000 | L48: =I48*J48 -> 310000
A49: Concreto resistencia 14 Mpa | H49: m3 | I49: 0.033 | J49: 490000 | L49: =I49*J49 -> 16170
A54: SUBTOTAL | L54: =SUM(L47:L53) -> 451170
A56: III. TRANSPORTES
A58: MATERIAL | F58: UNIDAD | G58: CANTIDAD (1) | H58: DISTANCIA (2) | I58: CANTIDAD * DISTANCIA (1) * (2) | J58: TARIFA | L58: Vr. UNITARIO
A59: Transporte de concreto | F59: m3-km | G59: 0.03 | H59: 50 | I59: =G59*H59 -> 1.5 | J59: 1296 | L59: =I59*J59 -> 1944
A61: SUBTOTAL | L61: =SUM(L59:L60) -> 1944
A63: IV. MANO DE OBRA
A65: DESCRIPCIÓN | G65: JORNAL | H65: PRESTACIONES | I65: JORNAL TOTAL | J65: RENDIMIENTO | L65: Vr. UNITARIO
A66: Obrero(3) | G66: =3*1160000/30 -> 116000 | H66: 1.85 | I66: =G66*H66 -> 214600 | J66: =$J$38*8 -> 32 | L66: =I66/J66 -> 6706.25
A67: Oficial | G67: =1160000/30*2 -> 77333.333 | H67: 1.85 | I67: =G67*H67 -> 143066.67 | J67: =$J$38*8 -> 32 | L67: =I67/J67 -> 4470.8333
A69: SUBTOTAL | L69: =SUM(L66:L68) -> 11177.083
A71: TOTAL COSTO DIRECTO | L71: =L42+L54+L61+L69 -> 479291.08
A73: V. COSTOS INDIRECTOS
A75: DESCRIPCIÓN | I75: Porcentaje | J75: Valor Total
A76: ADMINISTRACIÓN | I76: 0.2 | J76: =$L$71*I76 -> 95858.217
A77: IMPREVISTOS | I77: 0.05 | J77: =$L$71*I77 -> 23964.554
A78: UTILIDAD | I78: 0.05 | J78: =$L$71*I78 -> 23964.554
A79: SUBTOTAL | L79: =SUM(J76:K78) -> 143787.33
A81: Precio Unitario Total Aproximado al peso | L81: =ROUND(L71+L79,0) -> 623078
D86: Firma
D87: Nombre:
D88: Representante Legal del Contratista o su Apoderado
D89: Matrícula Profesional No.:
A91: OBSERVACIONES INTERVENTORÍA:
A97: APROBACIÓN POR INTERVENTORÍA
A98: Nota 1: Cuando se trate de análisis de precios unitarios correspondientes a ítems de la propuesta económica, el Interventor aprueba el desglose de los componentes manteniendo el mismo precio unitario de cada ítem, cumpliendo con las especificaciones de construcción vigentes para el proyecto.
A100: Nota 2: Cuando se trate de análisis de precios unitarios de ítems no previstos, el Interventor aprueba el desglose y precio unitario de cada ítem no previsto, exigiendo la aplicación correspondiente a rendimientos, tarifas, precio de materiales, jornales, costos, etc contemplados en los análisis de precios unitarios aprobados por la interventoría que soportan la propuesta económica y los aprobados durante la ejecución del contrato, cumpliendo con las especificaciones de construcción vigentes para el proyecto. El Contratista y el Interventor certifican que los precios unitarios del ítem o de los ítems no previstos corresponden a los precios del mercado.
D106: Firma
D107: Nombre:
D108: Representante Legal del Interventor o su Apoderado
D109: Matrícula Profesional No.:
A111: Original: Archivo de Gestión del INVIAS.
A112: Copias: Unidad Ejecutora, Contratista, Interventor y Dirección Territorial.

Sheet 700.3
I1: CÓDIGO | J1: MEPI-MN1-IN-10-FR-1
B2: INSTITUTO NACIONAL DE VIAS
B3: PROCESO MISIONAL EJECUCIÓN DE PROYECTOS DE INFRAESTRUCTURA DE TRANSPORTE | I3: VERSIÓN | J3: 1
B4: MANUAL DE INTERVENTORÍA OBRA PÚBLICA
B5: ANÁLISIS DE PRECIOS UNITARIOS | I5: PÁGINA
I8: FECHA
J9: (Día / Mes / Año)
A10: ÍTEMS DE LA PROPUESTA ECONÓMICA | H10: ÍTEMS NO PREVISTOS
A11: UNIDAD EJECUTORA: | H11: DIRECCIÓN TERRITORIAL:
A14: CONTRATO No.
B15: (Indicar número y año)
A17: OBJETO DEL CONTRATO:
A21: PROYECTO:
A23: CONTRATISTA:
A25: INTERVENTOR: | I25: Contrato No.:
J26: (Indicar número y año)
A27: FECHA CIERRE PROCESO DE SELECCIÓN CONTRATO DE OBRA:
F28: (Día) | G28: (Mes) | H28: (Año)
A30: DATOS ESPECÍFICOS
A32: ÍTEM | B32: DESCRIPCIÓN | I32: GRUPO DE AJUSTE | J32: UNIDAD | L32: CANTIDAD
A33: ='PRESUPUESTO OFICIAL'!D18 -> 700.3 | B33: ='PRESUPUESTO OFICIAL'!G18 -> MARCA VIAL CON PINTURA EN FRIO | J33: ='PRESUPUESTO OFICIAL'!H18 -> M2 | L33: ='PRESUPUESTO OFICIAL'!I18 -> 300.7
A35: I. EQUIPO
A37: DESCRIPCIÓN | G37: TIPO | I37: TARIFA/HORA | J37: RENDIMIENTO | L37: Vr. UNITARIO
A38: Camioneta estacas 4x4 | I38: 60000 | J38: 15 | L38: =I38/J38 -> 4000
A39: Máquina manual | I39: 40000 | J39: 15 | L39: =I39/J39 -> 2666.6667
A42: SUBTOTAL | L42: =SUM(L38:L41) -> 6666.6667
A44: II. MATERIALES
A46: DESCRIPCIÓN | H46: UNIDAD | I46: CANTIDAD | J46: PRECIO UNIT. | L46: Vr. UNITARIO
A47: Esferas refelctivas | H47: kg | I47: 0.67 | J47: 8500 | L47: =I47*J47 -> 5695
A48: Pintura acrílica pura para tráfico | H48: gl | I48: 0.125 | J48: 152000 | L48: =I48*J48 -> 19000
A54: SUBTOTAL | L54: =SUM(L47:L53) -> 24695
A56: III. TRANSPORTES
A58: MATERIAL | F58: UNIDAD | G58: CANTIDAD (1) | H58: DISTANCIA (2) | I58: CANTIDAD * DISTANCIA (1) * (2) | J58: TARIFA | L58: Vr. UNITARIO
A61: SUBTOTAL | L61: =SUM(L59:L60) -> 0
A63: IV. MANO DE OBRA
A65: DESCRIPCIÓN | G65: JORNAL | H65: PRESTACIONES | I65: JORNAL TOTAL | J65: RENDIMIENTO | L65: Vr. UNITARIO
A66: Obrero(4) | G66: =4*1160000/30 -> 154666.67 | H66: 1.85 | I66: =G66*H66 -> 286133.33 | J66: =$J$38*8 -> 120 | L66: =I66/J66 -> 2384.4444
A67: Oficial | G67: =1160000/30*2 -> 77333.333 | H67: 1.85 | I67: =G67*H67 -> 143066.67 | J67: =$J$38*8 -> 120 | L67: =I67/J67 -> 1192.2222
A69: SUBTOTAL | L69: =SUM(L66:L68) -> 3576.6667
A71: TOTAL COSTO DIRECTO | L71: =L42+L54+L61+L69 -> 34938.333
A73: V. COSTOS INDIRECTOS
A75: DESCRIPCIÓN | I75: Porcentaje | J75: Valor Total
A76: ADMINISTRACIÓN | I76: 0.2 | J76: =$L$71*I76 -> 6987.6667
A77: IMPREVISTOS | I77: 0.05 | J77: =$L$71*I77 -> 1746.9167
A78: UTILIDAD | I78: 0.05 | J78: =$L$71*I78 -> 1746.9167
A79: SUBTOTAL | L79: =SUM(J76:K78) -> 10481.5
A81: Precio Unitario Total Aproximado al peso | L81: =ROUND(L71+L79,0) -> 45420
D86: Firma
D87: Nombre:
D88: Representante Legal del Contratista o su Apoderado
D89: Matrícula Profesional No.:
A91: OBSERVACIONES INTERVENTORÍA:
A97: APROBACIÓN POR INTERVENTORÍA
A98: Nota 1: Cuando se trate de análisis de precios unitarios correspondientes a ítems de la propuesta económica, el Interventor aprueba el desglose de los componentes manteniendo el mismo precio unitario de cada ítem, cumpliendo con las especificaciones de construcción vigentes para el proyecto.
A100: Nota 2: Cuando se trate de análisis de precios unitarios de ítems no previstos, el Interventor aprueba el desglose y precio unitario de cada ítem no previsto, exigiendo la aplicación correspondiente a rendimientos, tarifas, precio de materiales, jornales, costos, etc contemplados en los análisis de precios unitarios aprobados por la interventoría que soportan la propuesta económica y los aprobados durante la ejecución del contrato, cumpliendo con las especificaciones de construcción vigentes para el proyecto. El Contratista y el Interventor certifican que los precios unitarios del ítem o de los ítems no previstos corresponden a los precios del mercado.
D106: Firma
D107: Nombre:
D108: Representante Legal del Interventor o su Apoderado
D109: Matrícula Profesional No.:
A111: Original: Archivo de Gestión del INVIAS.
A112: Copias: Unidad Ejecutora, Contratista, Interventor y Dirección Territorial.
